 Dungeon Crawl Stone Soup version 0.19.1-1-g22dce08 (webtiles) character file.

99 empire the Sneak (level 4, -4/21 HPs)
             Began as a Spriggan Conjurer on Jan 12, 2017.
             Slain by an iguana (9 damage)
             ... on level 4 of the Dungeon.
             The game lasted 00:05:22 (2667 turns).

empire the Sneak (Spriggan Conjurer)                Turns: 2667, Time: 00:05:22

Health: -4/21      AC:  2    Str:  4    XL:     4   Next: 45%
Magic:  0/11       EV: 18    Int: 17    God:
Gold:   127        SH:  0    Dex: 19    Spells: 2 memorised, 7 levels left

rFire  . . .     SeeInvis +     (weapon restricted)
rCold  . . .     Gourm    .     a - +0 robe
rNeg   . . .     Faith    .     (shield restricted)
rPois  .         Spirit   .     (helmet restricted)
rElec  .         Reflect  .     (no cloak)
rCorr  .         Harm     .     (gloves unavailable)
MR     .....                    (boots unavailable)
Stlth  +++.......               (no amulet)
                                (no ring)
                                j - +3 ring of dexterity

@: about to teleport, very quick
A: unfitting armour, see invisible, herbivore 3, speed 3, slow metabolism 2
a: no special abilities


You were on level 4 of the Dungeon.
You were not hungry.

You visited 1 branch of the dungeon, and saw 4 of its levels.

You collected 127 gold pieces.

Inventory:

Hand Weapons
 l - the +1 spear of Xeynygurph {pierce, rF+ rN+, unknown}
   (You found it on level 4 of the Dungeon)

   It inflicts extra damage upon your enemies.
   It protects you from fire.
   It protects you from negative energy.
Armour
 a - a +0 robe (worn)
Jewellery
 j - a +3 ring of dexterity (left hand)
Scrolls
 d - a scroll of noise {unknown}
 i - a scroll of fog {unknown}
Potions
 e - a potion of cancellation {unknown}
 f - a potion of lignification {unknown}
 g - 3 potions of resistance
 k - 2 potions of curing
Books
 b - a book of Conjurations

   Spells                             Type                      Level
   a - Magic Dart                     Conjuration                  1
   b - Searing Ray                    Conjuration                  2
   c - Dazzling Spray                 Conjuration/Hexes            3
   d - Fulminant Prism                Conjuration/Hexes            4
   e - Iskenderun's Mystic Blast      Conjuration                  4
   f - Iskenderun's Battlesphere      Conjuration/Charms           5
Comestibles
 c - 3 bread rations
 h - 3 fruits


   Skills:
 - Level 3.0 Dodging
 + Level 4.2 Stealth
 + Level 4.0 Spellcasting
 + Level 3.6 Conjurations
 + Level 0.8 Hexes


You had 7 spell levels left.
You knew the following spells:

 Your Spells              Type           Power        Failure   Level  Hunger
a - Magic Dart            Conj           ###.         3%          1    None
b - Dazzling Spray        Conj/Hex       ##....       21%         3    ###....


Dungeon Overview and Level Annotations

Branches:
Dungeon (4/15)
 Temple: D:4-7

Altars:
Hepliaklqana

Annotations:
D:3 Sigmund


Innate Abilities, Weirdness & Mutations

You are very small and have problems with some larger weapons.
You are too small for most types of armour.
You have supernaturally acute eyesight. (SInv)
You are a herbivore.
You cover ground extremely quickly.
You need consume almost no food.


Message History

Confirm with . or Enter, or press ? or * to list all spells.
Aiming: Magic Dart
Press: ? - help, Shift-Dir - straight line, f/p - iguana
Aim: an iguana (severely wounded)
The magic dart hits the iguana.
The iguana is severely wounded.
The iguana misses you.
An adder skeleton comes into view.
Really attack barehanded? [Y]es or [N]o only, please.
Really attack barehanded? [Y]es or [N]o only, please.
Really attack barehanded?
Okay, then.
As you read the scroll of teleportation, it crumbles to dust.
You feel strangely unstable. The adder skeleton bites you.
The adder skeleton bites you.
* * * LOW HITPOINT WARNING * * *
The adder skeleton closely misses you. The iguana bites you!
You die...

#.........#
#.........# ##...#.
#.........# #.....
#.........# #....#
#.........# #....#
##.#......#####....#
#...........##...
###......##.##Z#
#......##.ol@#
#......#######
########


You could see an iguana, an orc and an adder skeleton.

Vanquished Creatures
  4 adders
  2 dart slugs
  2 leopard geckos (D:3)
  6 bats
  5 goblins
  8 hobgoblins
  2 quokkas (D:2)
  4 frilled lizards
  3 kobolds
  24 rats
60 creatures vanquished.

Notes
Turn   | Place    | Note
-------+----------+-------------------------------------------
     0 | D:1      | empire the Spriggan Conjurer began the quest for the Orb.
     0 | D:1      | Reached XP level 1. HP: 9/9 MP: 5/5
   379 | D:1      | Reached XP level 2. HP: 12/13 MP: 2/7
  1042 | D:2      | Found a hazy altar of Hepliaklqana.
  1241 | D:2      | Reached XP level 3. HP: 16/16 MP: 2/8
  2210 | D:2      | Learned a level 3 spell: Dazzling Spray
  2282 | D:2      | Reached XP level 4. HP: 21/21 MP: 4/10
  2612 | D:3      | Noticed Sigmund
  2627 | D:4      | Got a bloodstained spear
  2667 | D:4      | Slain by an iguana

Skill      XL: |  1  2  3  4 |
---------------+-------------+-----
Conjurations   | 3 |  3.6
Spellcasting   | 3 4 |  4.0
Stealth        | 4 |  4.2
Dodging        | |  3.0
Hexes          | |  0.8

Action                   |  1- 3 |  4- 6 || total
-------------------------+-------+-------++-------
Melee: Unarmed           |    22 |       ||    22
 Cast: Magic Dart        |   101 |    23 ||   124
       Dazzling Spray    |       |     1 ||     1
  Use: Scroll            |     8 |     1 ||     9
Armor: Robe              |     4 |       ||     4
Dodge: Dodged            |    46 |    11 ||    57
